 Dungeon Crawl Stone Soup version 0.25.1-8-g42b30a86e7 (webtiles) character file.

Game seed: 13768310614252509967

56 MajorAdolf the Sneak (level 3, -7/34 HPs)
             Began as a Naga Wanderer on Dec 21, 2020.
             Mangled by Natasha (9 damage)
             ... on level 2 of the Dungeon.
             The game lasted 00:01:47 (1907 turns).

MajorAdolf the Sneak (Naga Wanderer)                Turns: 1907, Time: 00:01:48

Health: -7/34      AC:  2    Str: 14    XL:     3   Next: 97%
Magic:  3/3        EV:  9    Int: 13    God:
Gold:   88         SH:  0    Dex: 10    Spells: 2/2 levels left

rFire    . . .     SeeInvis +   a - +2 dagger
rCold    . . .     Gourm    .   (no shield)
rNeg     . . .     Faith    .   f - +0 robe
rPois    +         Spirit   .   (no helmet)
rElec    .         Reflect  .   (no cloak)
rCorr    .         Harm     .   (no gloves)
MR       .....                  (no barding)
Stlth    +++.......             (no amulet)
HPRegen  0.11/turn              (no ring)
MPRegen  0.08/turn              (no ring)

@: very slow
A: large, see invisible, deformed body, poison resistance, slowness 2, slow
metabolism 1, spit poison 1, AC +1
a: Spit Poison


You were on level 2 of the Dungeon.
You were not hungry.

You visited 1 branch of the dungeon, and saw 2 of its levels.

You collected 88 gold pieces.

Inventory:

Hand Weapons
 a - a +2 dagger (weapon)
 c - a +0 hand crossbow
 e - a +0 short sword
Missiles
 d - 26 bolts
Armour
 f - a +0 robe (worn)
Scrolls
 b - a scroll of blinking
 h - a scroll of immolation {unknown}
 i - 5 scrolls of remove curse {unknown}
 j - 2 scrolls of enchant weapon {unknown}
 k - a scroll of teleportation {unknown}
 l - a scroll of noise {unknown}
 p - 2 scrolls of identify {unknown}
Potions
 m - a potion of invisibility {unknown}
 n - a potion of flight {unknown}
 o - a potion of mutation {unknown}
Comestibles
 g - 2 rations
 q - 2 chunks of flesh


   Skills:
 - Level 3.0 Fighting
 + Level 2.7 Short Blades
   Level 1.0 Bows
 - Level 1.0 Throwing
 - Level 1.0 Dodging
 + Level 4.9 Stealth
   Level 1.0 Shields


You had 2 spell levels left.
You didn't know any spells.
Your spell library was empty.

Dungeon Overview and Level Annotations

Branches:
Dungeon (2/15)

Altars:

Annotations:
D:2 Natasha


Innate Abilities, Weirdness & Mutations

You cannot wear boots.
Your serpentine skin is tough. (AC +1)
You have supernaturally acute eyesight. (SInv)
Armour fits poorly on your strangely shaped body.
Your system is resistant to poisons. (rPois)
You cover ground very slowly.
You have a slow metabolism.
You can spit poison.


Message History

Natasha is heavily wounded.
You hit Natasha.
Natasha is severely wounded.
Natasha mumbles some strange words.
You hit Natasha.
Natasha is severely wounded.
The crimson imp summons a swarm of flies.
Natasha stares at you and mumbles some strange words.
The magic dart hits you!
* * * LOW HITPOINT WARNING * * *
You closely miss Natasha.
Natasha is severely wounded.
The crimson imp blinks!
Natasha claws you.
* * * LOW HITPOINT WARNING * * *
You hit Natasha but do no damage.
Natasha is severely wounded.
You have got your breath back.
The white imp shouts, "Face thy fugue, thou foppish toot-wallowing mammet!"
Natasha claws you!
You die...

...##### #..#.#.
###.....##.....#...
#........##.###..
#.....## #.# ##. #
#.....# #># ## ###.
#..5..# #.# # .....
#.....# #.# #
......###.....#####.# #
.....55h@ยง.......##.##
################.)...####
####.....# #.###.# #.#
#.# ######## #.###..
#......##########......
#..............<...####
#......##########.###..


You could see Natasha, 2 crimson imps and a white imp (summoned).

Vanquished Creatures
  3 adders (D:2)
  A worm (D:2)
  A leopard gecko (D:2)
  2 giant cockroaches (D:1)
  7 goblins
  A hobgoblin (D:1)
  A ball python (D:1)
  4 bats
  2 frilled lizards
  A kobold (D:1)
  4 rats
27 creatures vanquished.

Notes
Turn   | Place    | Note
-------+----------+-------------------------------------------
     0 | D:1      | MajorAdolf the Naga Wanderer began the quest for the Orb.
     0 | D:1      | MajorAdolf set off with the following items: a +2 dagger, a
                  | scroll of blinking, a +0 hand crossbow, 26 bolts, a +0
                  | short sword, a +0 robe, a ration
     0 | D:1      | Reached XP level 1. HP: 21/21 MP: 1/1
   486 | D:1      | Reached XP level 2. HP: 22/28 MP: 2/2
  1137 | D:2      | Reached skill level 4 in Stealth
  1292 | D:2      | Reached XP level 3. HP: 9/34 MP: 3/3
  1888 | D:2      | Noticed Natasha
  1907 | D:2      | Mangled by Natasha

Illustrated notes

Levels and vault maps discovered:
D:1:      dpeg_arrival_simpleton_c, layout_loops_ring, amethyst_killhole
D:2:      layout_rooms, uniq_natasha

Skill      XL: |  1  2 |
---------------+-------+-----
Short Blades   | 2 |  2.7
Stealth        | 4 |  4.9
Fighting       | |  3.0
Bows           | |  1.0
Throwing       | |  1.0
Dodging        | |  1.0
Shields        | |  1.0

Action                   || total
-------------------------++-------
Melee: Dagger            ||    85
 Abil: Spit Poison       ||     5
 Stab: Sleeping          ||     2
  Eat: Chunk             ||     2
Armor: Robe              ||    10
Dodge: Dodged            ||    32
